 Dungeon Crawl Stone Soup version 0.29.1-1-gd02db6906a (webtiles) character file.

Game seed: 4325669705911461901

2377 xian the Chopper (level 9, -6/69 HPs)
             Began as a Formicid Delver on Sept 23, 2022.
             Was a Believer of Okawaru.
             Mangled by a yak (13 damage)
             ... on level 7 of the Dungeon.
             The game lasted 00:20:17 (9518 turns).

xian the Chopper (Formicid Delver)                  Turns: 9518, Time: 00:20:18

Health: -6/69      AC: 16    Str: 20    XL:     9   Next: 73%
Magic:  18/18      EV:  9    Int: 11    God:    Okawaru [**....]
Gold:   440        SH:  0    Dex: 15    Spells: 8/8 levels left

rFire   . . .      SeeInvis +   h - +4 hand axe
rCold   . . .      Faith    +   (no shield)
rNeg    . . .      Spirit   .   q - +0 chain mail
rPois   .          Reflect  .   (helmet unavailable)
rElec   .          Harm     .   y - +2 cloak
rCorr   .          Rampage  .   j - +0 pair of gloves
Will    +....                   r - +0 pair of boots
Stlth   ..........              L - amulet of faith
HPRegen 0.21/turn               B - ring of magical power
MPRegen 0.16/turn               J - ring of willpower

@: no status effects
A: permanent stasis, dig shafts and tunnels, antennae 3, four strong arms
a: Dig, Shaft Self, Renounce Religion, Heroism


You were on level 7 of the Dungeon.
You worshipped Okawaru.
Okawaru was pleased with you.
You visited 2 branches of the dungeon, and saw 9 of its levels.

You collected 440 gold pieces.

Inventory:

Hand Weapons
 h - a +4 hand axe (weapon)
 m - a +0 giant spiked club
Missiles
 t - 2 atropa-tipped darts
 v - 16 stones
 E - 5 poisoned darts (quivered)
 K - 5 javelins
Armour
 j - a +0 pair of gloves (worn)
 q - a +0 chain mail (worn)
 r - a +0 pair of boots (worn)
 y - a +2 cloak (worn)
Jewellery
 i - an amulet of guardian spirit
 B - a ring of magical power (left hand)
 H - a ring of protection from cold
 J - a ring of willpower (right hand)
 L - an amulet of faith (around neck)
Wands
 f - a wand of digging (3)
 g - a wand of flame (10)
Scrolls
 c - 4 scrolls of fog
 d - 5 scrolls of magic mapping
 e - 2 scrolls of fear
 n - 3 scrolls of poison
 o - 2 scrolls of vulnerability
 p - 2 scrolls of enchant weapon
 C - 2 scrolls of noise {unknown}
 D - a scroll of brand weapon {unknown}
 F - a scroll of enchant armour {unknown}
 I - a scroll of immolation {unknown}
Potions
 a - a potion of might {unknown}
 b - 3 potions of heal wounds {unknown}
 k - a potion of curing
 l - a potion of cancellation {unknown}
 s - 3 potions of degeneration {unknown}
 u - 2 potions of brilliance {unknown}
 w - a potion of magic {unknown}
 x - a potion of lignification
 z - a potion of invisibility {unknown}
 A - 2 potions of ambrosia
 G - a potion of flight {unknown}


   Skills:
 + Level 6.2 Fighting
 + Level 7.9(8.1) Axes
 + Level 2.6(5.6) Maces & Flails
 + Level 1.9 Throwing
 + Level 6.9 Armour
 + Level 3.2 Dodging
 + Level 6.9 Stealth
 + Level 0.1 Invocations


You had 8 spell levels left.
You didn't know any spells.
Your spell library contained the following spells:

 Spells                   Type           Power      Damage    Failure   Level
 Sublimation of Blood     Necr           0%         N/A       99%         2
 Wereblood                Tmut           0%         N/A       99%         2
 Gell's Gravitas          Tloc           0%         N/A       100%        3
 Teleport Other           Tloc           0%         N/A       100%        3
 Fireball                 Conj/Fire      0%         3d3       100%        5
 Iskenderun's Battlesphe  Conj           0%         2d6       100%        5
 Conjure Ball Lightning   Conj/Air       0%         3x3d6     100%        6
 Dispersal                Tloc           0%         N/A       100%        6
 Orb of Destruction       Conj           0%         9d5       100%        7
 Summon Hydra             Summ           Unusable   N/A       N/A         7

Dungeon Overview and Level Annotations

Branches:
Dungeon (8/15)             Temple (1/1) D:7
   Lair: D:8-11

Altars:
Ashenzari
Cheibriados
Dithmenos
Fedhas
Gozag
Hepliaklqana
Kikubaaqudgha
Makhleb
Nemelex Xobeh
Okawaru
Qazlal
Sif Muna
Trog
Uskayaw
Vehumet
Yredelemnul
The Shining One

Shops:
D:2 :   D:4 (


Innate Abilities, Weirdness & Mutations

You cannot be hasted, slowed, berserked, paralysed or teleported.
You can dig through walls and to a lower floor.
You have a pair of large antennae on your head. (SInv)
Your four strong arms can wield two-handed weapons with a shield.


Message History

The yak is heavily wounded.
The wyvern hisses menacingly.
The yak misses you.
The yak snorts and paws the ground.
Unknown command.
You hit the yak.
The yak is heavily wounded.
The yak gores you but does no damage.
Unknown command.
You closely miss the yak.
The yak is heavily wounded.
The yak attacks as you move away! The yak barely misses you.
The yak attacks as you move away! The yak misses you.
There is a stone staircase leading up here.
The yak gores you but does no damage.
You climb upwards.
There is a stone staircase leading down here.
You barely miss the yak.
The yak is heavily wounded.
The yak gores you but does no damage.
You hit the yak.
The yak is heavily wounded.
The yak gores you but does no damage.
You hit the yak.
The yak is severely wounded.
The yak barely misses you.
You hit the yak.
The yak is severely wounded.
The yak gores you.
* * * LOW HITPOINT WARNING * * *
You hit the yak.
The yak is severely wounded.
The yak gores you!
* * * LOW HITPOINT WARNING * * *
You feel better. The yak gores you.
* * * LOW HITPOINT WARNING * * *
You hit the yak.
The yak is severely wounded.
The yak gores you!
You die...

#.# #.###......# #.....#
###.####.#.#####.##### ###'###
.......##.## #.....# #...#
.##.##.#### #####.# #...#
.##.##.#############.### #...#
.##.##......##....<....#####...##
.....#......##....##.#......)....
.##..#[........?.................
............##..@....#...........
##.#.##.....##.#Y..#.#.#####...##
##.#.#########.#...#.#.# #...#
.....# #......>..# #...#
##.#############...##### #...##
.....#.......##.......# #.....
.#.#...#####>##.......# #...##
.#.....#####.##...###.## #....#
.###<............## ##.# #.##.#


You could see a yak.

Vanquished Creatures
  3 yaks (D:8)
  A steam dragon (D:7)
  A water moccasin (D:8)
  2 black bears
  3 ogres
  2 centaurs
  A bullfrog (D:6)
  A gnoll sergeant (D:5)
  2 necrophages
  6 killer bees (D:7)
  A centaur zombie (D:7)
  4 hounds
  An orc priest (D:5)
  A jelly (D:6)
  An iguana (D:5)
  3 orc wizards
  A killer bee zombie (D:7)
  Robin (D:2)
  3 gnolls (D:5)
  9 adders
  A shadow imp (D:6)
  2 white imps
  An ufetubus (D:7)
  4 worms
  3 dart slugs
  21 orcs
  9 bats
  11 endoplasms
  2 giant cockroaches (D:2)
  11 hobgoblins
  2 jackals (D:3)
  8 kobolds
  2 quokkas
  12 ball pythons
  4 frilled lizards
  13 goblins
  5 rats
158 creatures vanquished.

Vanquished Creatures (others)
  13 plants
  5 withered plants (D:7)
18 creatures vanquished.

Grand Total: 176 creatures vanquished

Notes
Turn   | Place    | Note
-------+----------+-------------------------------------------
     0 | D:5      | xian the Formicid Delver began the quest for the Orb.
     0 | D:5      | Reached XP level 1. HP: 18/18 MP: 1/1
   219 | D:5      | Reached XP level 2. HP: 1/24 MP: 2/2
   252 | D:5      | HP: 1/24 [adder (3)]
   576 | D:5      | Found a hide-covered altar of Uskayaw.
   580 | D:5      | Noticed a gnoll sergeant
   602 | D:4      | Found a stormy altar of Qazlal.
   637 | D:4      | Reached XP level 3. HP: 26/29 MP: 3/3
   849 | D:3      | Reached skill level 1 in Armour
  1033 | D:3      | Found a faded altar of an unknown god.
  1056 | D:3      | Reached XP level 4. HP: 37/37 MP: 4/4
  1956 | D:3      | Found a snail-covered altar of Cheibriados.
  2714 | D:2      | Noticed Robin
  2736 | D:2      | Reached XP level 5. HP: 28/41 MP: 5/5
  2741 | D:2      | Killed Robin
  3041 | D:2      | Found Gimuer's Book Shop.
  3563 | D:1      | Reached skill level 3 in Axes
  4182 | D:4      | Reached XP level 6. HP: 48/48 MP: 6/6
  4319 | D:4      | Noticed an ogre
  4328 | D:4      | Killed an ogre
  4329 | D:4      | Reached skill level 4 in Axes
  4506 | D:4      | Found an opulent altar of Gozag.
  4506 | D:4      | Noticed a black bear
  4512 | D:4      | Killed a black bear
  4513 | D:4      | Reached skill level 1 in Throwing
  4513 | D:4      | Reached XP level 7. HP: 53/55 MP: 5/7
  4659 | D:4      | Found Uliy's Antique Weapon Boutique.
  5059 | D:5      | Reached skill level 1 in Maces & Flails
  5123 | D:5      | Reached skill level 5 in Axes
  5807 | D:5      | Reached XP level 8. HP: 34/61 MP: 4/8
  6695 | D:5      | Reached skill level 5 in Fighting
  7129 | D:6      | Reached skill level 5 in Armour
  7368 | D:6      | Reached skill level 6 in Axes
  8071 | D:7      | Found a staircase to the Ecumenical Temple.
  8077 | Temple   | Entered the Ecumenical Temple
  8139 | Temple   | Became a worshipper of Warmaster Okawaru
  8299 | D:7      | Reached XP level 9. HP: 48/68 MP: 9/9
  8506 | D:7      | Found an ancient bone altar of Kikubaaqudgha.
  8506 | D:7      | Found a blossoming altar of Fedhas.
  9027 | D:7      | Reached * piety under Okawaru
  9071 | D:7      | Found a basalt altar of Yredelemnul.
  9153 | D:7      | Reached skill level 7 in Axes
  9494 | D:8      | Reached ** piety under Okawaru
  9516 | D:7      | HP: 2/69 [yak (10)]
  9518 | D:7      | Mangled by a yak

Illustrated notes

Levels and vault maps discovered:
D:1:      onia_arrival_mini_spirals, layout_basic, minmay_tall_x
D:2:      layout_loops_corners, serial_shops, nicolae_lakefront_shop,
          hangedman_abyss_or_decor_stabs, hangedman_decor_diamond_cutter,
          minmay_misc_feat_more_columns, uniq_robin
D:3:      layout_basic, cheibriados_altar_1,
          chequers_ecumenical_altar_simple_redux, minivault_5,
          serial_park_tiny_pond
D:4:      layout_basic, mainiacjoe_overflow_chevrons,
          mainiacjoe_overflow_24_doors, serial_shops, nicolae_shop_waterfront
D:5:      layout_basic, nicolae_uskayaw_murder_on_the_dancefloor
D:6:      layout_layer_cave
D:7:      layout_loops_cross, lemuel_zombie_altar_yredelemnul,
          grunt_temple_overflow_growth_and_decay, minmay_temple_entry_hall
D:8:      layout_basic, lemuel_round_altar, minmay_lair_entry_grove,
          kennysheep_diamond
Temple:   hellmonk_temple_forest_ring

Skill      XL: |  1  2  3  4  5  6  7  8  9 |
---------------+----------------------------+-----
Armour         | 1 2 3 5 6 |  6.9
Dodging        | 2 3 |  3.2
Fighting       | 4 5 6 |  6.2
Axes           | 3 4 5 6 7 |  7.9
Throwing       | 1 |  1.9
Maces & Flails | 2 |  2.6
Stealth        | |  6.9
Invocations    | |  0.1

Action                   |  1- 3 |  4- 6 |  7- 9 || total
-------------------------+-------+-------+-------++-------
Melee: Whip              |    11 |       |       ||    11
       Hand axe          |    44 |   159 |   283 ||   486
       Giant spiked club |       |     7 |    50 ||    57
       Punch             |       |       |     2 ||     2
Throw: Stone             |       |    18 |    18 ||    36
       Dart              |       |       |     2 ||     2
Invok: Heroism           |       |       |     1 ||     1
Evoke: Wand              |       |       |     1 ||     1
  Use: Potion            |       |     1 |     2 ||     3
       Scroll            |       |     5 |     3 ||     8
 Stab: Sleeping          |     5 |     2 |       ||     7
Armor: Leather armour    |    12 |     3 |       ||    15
       Chain mail        |       |    99 |   293 ||   392
       Skin              |       |     3 |       ||     3
Dodge: Dodged            |    31 |    80 |   199 ||   310
